 Dungeon Crawl Stone Soup version 0.28.0-43-g3370ac3207 (webtiles) character file.

Game seed: 13441609290386950922

67 cbfl8 the Sneak (level 3, -2/33 HPs)
             Began as a Minotaur Delver on Feb 28, 2022.
             Slain by Edmund
             ... wielding a +1 flail of holy wrath
              (5 damage)
             ... on level 4 of the Dungeon.
             The game lasted 00:01:49 (1043 turns).

cbfl8 the Sneak (Minotaur Delver)                   Turns: 1043, Time: 00:01:50

Health: -2/33      AC: 10    Str: 18    XL:     3   Next: 98%
Magic:  2/2        EV:  5    Int:  7    God:
Gold:   32         SH:  0    Dex: 11    Spells: 2/2 levels left

rFire   . . .      SeeInvis .   a - +0 hand axe
rCold   . . .      Faith    .   (no shield)
rNeg    . . .      Spirit   .   h - +0 plate armour
rPois   .          Reflect  .   (helmet restricted)
rElec   .          Harm     .   (no cloak)
rCorr   .          Rampage  .   (no gloves)
Will    .....                   (no boots)
Stlth   ..........              (no amulet)
HPRegen 0.11/turn               (no ring)
MPRegen 0.08/turn               (no ring)

@: no status effects
A: horns 2, retaliatory headbutt
a: no special abilities


You were on level 4 of the Dungeon.
You visited 1 branch of the dungeon, and saw 2 of its levels.

You collected 32 gold pieces.

Inventory:

Hand Weapons
 a - a +0 hand axe (weapon)
Armour
 b - a +0 leather armour
 h - a +0 plate armour (worn)
Jewellery
 i - an amulet of the acrobat
Wands
 g - a wand of digging (3)
Scrolls
 c - a scroll of fog
 d - a scroll of enchant armour {unknown}
 f - a scroll of identify {unknown}


   Skills:
 + Level 4.1 Fighting
 + Level 2.9 Axes
 + Level 0.4 Armour
 + Level 2.4 Dodging
 + Level 5.0 Stealth


You had 2 spell levels left.
You didn't know any spells.
Your spell library was empty.

Dungeon Overview and Level Annotations

Branches:
Dungeon (5/15)
 Temple: D:4-7

Altars:
Ru

Annotations:
D:4 Edmund


Innate Abilities, Weirdness & Mutations

You have a pair of horns on your head.
You reflexively headbutt those who attack you in melee.


Message History

Edmund shouts!
You see here an amulet of the acrobat.
i - an amulet of the acrobat Edmund hits you with a +1 flail of holy wrath!
A hound comes into view.
The hound barks!
The kobold throws a stone.
The stone hits you.
You hit Edmund.
Edmund is lightly wounded.
The kobold throws a stone.
The stone hits you but does no damage.
Edmund hits you with a +1 flail of holy wrath.
You hit Edmund but do no damage.
Edmund is lightly wounded.
You hit the kobold.
You kill the kobold!
Edmund hits you with a +1 flail of holy wrath!
You barely miss Edmund. Your headbutt misses Edmund.
Edmund is lightly wounded.
Edmund hits you with a +1 flail of holy wrath.
* * * LOW HITPOINT WARNING * * *
The hound completely misses you.
You closely miss Edmund. You headbutt Edmund!
Edmund is moderately wounded.
You miss the hound. The hound barely misses you.
Edmund hits you with a +1 flail of holy wrath.
* * * LOW HITPOINT WARNING * * *
The hound bites you but does no damage.
Edmund says, "You wouldn't believe how much I paid for this flail."
Edmund hits you with a +1 flail of holy wrath.
* * * LOW HITPOINT WARNING * * *
You hit Edmund.
Edmund is moderately wounded.
You hit the hound but do no damage. The hound bites you.
* * * LOW HITPOINT WARNING * * *
Edmund barely misses you. The hound bites you but does no damage.
As you read the scroll of fear, it crumbles to dust.
You assume a fearsome visage.
Edmund resists with some effort.
The hound looks frightened!
Edmund hits you with a +1 flail of holy wrath.
You die...

###. #.##
#.#.# ... #.#
#.#.# ###.[
#.# #.#.#
<.##.# ..#.#
#.#.# ##
#..###...#
##........
##..###...#
#@@)h....##
#..#####.#...
#?. .# #.. #
#.. ... ###.
#.


You could see Edmund and a hound (fleeing).

Vanquished Creatures
  A hound (D:4)
  An orc priest (D:4)
  2 adders (D:4)
  3 orcs (D:4)
  3 ball pythons (D:4)
  An endoplasm (D:4)
  A goblin (D:4)
  A kobold (D:4)
13 creatures vanquished.

Notes
Turn   | Place    | Note
-------+----------+-------------------------------------------
     0 | D:5      | cbfl8 the Minotaur Delver began the quest for the Orb.
     0 | D:5      | Reached XP level 1. HP: 19/19 MP: 0/0
    13 | D:5      | Noticed a phantom
    33 | D:5      | Noticed a hound
    40 | D:5      | Noticed a centaur
    49 | D:4      | Killed a hound
   294 | D:4      | Noticed an orc priest
   311 | D:4      | Reached XP level 2. HP: 27/27 MP: 1/1
   320 | D:4      | Reached XP level 3. HP: 7/33 MP: 2/2
   682 | D:4      | Found a sacrificial altar of Ru.
   803 | D:4      | Reached skill level 5 in Stealth
  1035 | D:4      | Noticed Edmund
  1043 | D:4      | Slain by Edmund

Illustrated notes

Levels and vault maps discovered:
D:4:      layout_loops_ring, mainiacjoe_overflow_small_starburst, uniq_edmund
D:5:      layout_basic, nicolae_gozag_seed_capital, hangedman_decor_slide_cut

Skill      XL: |  1  2  3 |
---------------+----------+-----
Fighting       | 4 |  4.1
Stealth        | 5 |  5.0
Axes           | |  2.9
Armour         | |  0.4
Dodging        | |  2.4

Action                   || total
-------------------------++-------
Melee: Hand axe          ||    38
       Headbutt          ||     4
       Punch             ||     1
  Use: Scroll            ||     2
       Potion            ||     1
 Stab: Sleeping          ||     2
Armor: Leather armour    ||     6
       Plate armour      ||     3
Dodge: Dodged            ||    30
